 Dungeon Crawl Stone Soup version 0.29-a0-275-g389c0b56f3 (webtiles) character file.

Game seed: 11130431871099494956

4263 epen the Carver (level 10, -1/82 HPs)
             Began as a Gnoll Cinder Acolyte on Mar 9, 2022.
             Was a Follower of Ignis.
             Slain by a yak (13 damage)
             ... on level 7 of the Dungeon.
             The game lasted 00:14:01 (9592 turns).

epen the Carver (Gnoll Cinder Acolyte)              Turns: 9592, Time: 00:14:02

Health: -1/82      AC:  7    Str: 17    XL:     10   Next: 31%
Magic:  18/18      EV: 11    Int: 20    God:    Ignis [*.....]
Gold:   820        SH:  5    Dex:  8    Spells: 18/20 levels left

rFire   + . .      SeeInvis .   c - +8 trident of the Octopus King {venom, rElec rPois}
rCold   . . .      Faith    .   (no shield)
rNeg    . . .      Spirit   .   A - +0 ring mail
rPois   +          Reflect  +   (no helmet)
rElec   +          Harm     .   (no cloak)
rCorr   .          Rampage  .   z - +0 pair of gloves
Will    .....                   (no boots)
Stlth   ++........              k - amulet of reflection
HPRegen 0.23/turn               j - +6 ring of intelligence
MPRegen 0.16/turn               (no ring)

@: no status effects
A: fangs 1, strong nose, distributed training
a: Renounce Religion, Fiery Armour, Foxfire Swarm, Rising Flame


You were on level 7 of the Dungeon.
You worshipped Ignis.
Ignis was aware of your devotion.
You visited 1 branch of the dungeon, and saw 8 of its levels.

You collected 896 gold pieces.
You spent 76 gold pieces at shops.

Inventory:

Hand Weapons
 a - a -1 falchion of freezing
 c - the +8 trident of the Octopus King (weapon) {venom, rElec rPois}
   (You found it on level 2 of the Dungeon)

   It poisons the flesh of those it strikes.
   rElec:     It insulates you from electricity.
   rPois:     It protects you from poison.
Missiles
 m - 3 throwing nets (quivered)
Armour
 b - a +1 robe
 z - a +0 pair of gloves (worn)
 A - a +0 ring mail (worn)
Jewellery
 j - a +6 ring of intelligence (left hand)
 k - an amulet of reflection (around neck)
 r - an amulet of the acrobat
 t - an amulet of magic regeneration
Wands
 v - a wand of flame (15)
Scrolls
 f - 8 scrolls of identify
 q - 4 scrolls of amnesia
 x - a scroll of magic mapping
 y - a scroll of fear
 B - a scroll of teleportation
 D - a scroll of enchant armour
Potions
 d - 2 potions of cancellation
 e - 2 potions of curing
 g - a potion of invisibility
 h - 2 potions of degeneration
 i - a potion of mutation {unknown}
 l - 2 potions of lignification
 p - 2 potions of attraction
 s - a potion of heal wounds
 u - 2 potions of flight
 w - a potion of berserk rage {unknown}


   Skills:
 + Level 8.4 Fighting
 + Level 5.1 Short Blades
 + Level 8.4 Long Blades
 + Level 5.1 Axes
 + Level 5.1 Maces & Flails
 + Level 5.1 Polearms
 + Level 5.1 Staves
 + Level 5.1 Slings
 + Level 5.1 Bows
 + Level 5.1 Crossbows
 + Level 5.1 Throwing
 + Level 5.1 Armour
 + Level 5.1 Dodging
 + Level 5.1 Stealth
 + Level 5.1 Shields
 + Level 5.1 Unarmed Combat
 + Level 5.9 Spellcasting
 + Level 4.2 Conjurations
 + Level 4.2 Hexes
 + Level 4.2 Summonings
 + Level 4.2 Necromancy
 + Level 4.2 Translocations
 + Level 4.2 Transmutations
 + Level 7.0 Fire Magic
 + Level 4.2 Ice Magic
 + Level 4.2 Air Magic
 + Level 4.2 Earth Magic
 + Level 4.2 Poison Magic
 + Level 5.6 Invocations
 + Level 5.1 Evocations


You had 18 spell levels left.
You knew the following spells:

 Your Spells              Type           Power      Damage    Failure   Level
a - Scorch                Fire           68%        2d8       1%          2

Your spell library contained the following spells:

 Spells                   Type           Power      Damage    Failure   Level
 Animate Skeleton         Necr           46%        N/A       3%          1
 Apportation              Tloc           46%        N/A       3%          1
 Shock                    Conj/Air       92%        1d8       3%          1
 Slow                     Hex            92%        N/A       3%          1
 Summon Small Mammal      Summ           92%        N/A       3%          1
 Corpse Rot               Necr/Air       46%        N/A       4%          2
 Ensorcelled Hibernation  Hex/Ice        46%        N/A       4%          2
 Poisonous Vapours        Pois/Air       46%        N/A       4%          2
 Sublimation of Blood     Necr           23%        N/A       4%          2
 Wereblood                Tmut           23%        N/A       4%          2
 Conjure Flame            Conj/Fire      28%        6-21      5%          3
 Ignite Poison            Fire/Tmut/Pois 26%        N/A       6%          3
 Confusing Touch          Hex            23%        N/A       10%         3
 Dazzling Flash           Conj/Hex       46%        N/A       10%         3
 Spider Form              Tmut/Pois      23%        N/A       10%         3
 Summon Guardian Golem    Hex/Summ       23%        N/A       10%         3
 Swiftness                Air            23%        N/A       10%         3
 Vampiric Draining        Necr           23%        2d7       10%         3
 Sticky Flame             Conj/Fire      28%        2d5       19%         4
 Airstrike                Air            11%        N/A       30%         4
 Anguish                  Hex/Necr       11%        N/A       30%         4
 Agony                    Necr           23%        N/A       65%         5
 Blade Hands              Tmut           11%        N/A       65%         5
 Irradiate                Conj/Tmut      11%        3d17      65%         5
 Silence                  Hex/Air        11%        N/A       65%         5
 Dragon Form              Tmut           11%        N/A       100%        7
 Orb of Destruction       Conj           11%        9d6       100%        7
 Spellforged Servitor     Conj/Summ      11%        N/A       100%        7
 Summon Hydra             Summ           11%        N/A       100%        7


Dungeon Overview and Level Annotations

Branches:
Dungeon (8/15)             Temple (0/1) D:6
   Lair: D:8-11

Altars:
Ashenzari
Fedhas
Okawaru
Qazlal
Ru
Trog
Xom
Zin

Shops:
D:1 *   D:5 ?   D:7 *=

Annotations:
D:4 Edmund
D:5 2 runed translucent doors


Innate Abilities, Weirdness & Mutations

You have very sharp teeth.
Your uncanny sense of smell can sniff out nearby items.
Your experience applies equally to all skills.


Message History

The yak barely misses you.
You hit the yak.
The yak looks as sick as possible!
The yak is severely wounded.
The yak gores you.
You closely miss the yak. You bite the yak.
The yak is almost dead.
The yak misses you.
You hit the yak.
You kill the yak!
You hit the yak.
The yak is poisoned.
You bite the yak.
The yak is lightly wounded.
The yak barely misses you.
You barely miss the yak.
The yak is lightly wounded.
The yak gores you!
You hit the yak.
The yak looks as sick as possible!
The yak is moderately wounded.
The yak gores you.
You are too injured to fight recklessly!
You are too injured to fight recklessly!
You are too injured to fight recklessly!
You are too injured to fight recklessly!
You puncture the yak!
The yak is heavily wounded.
The yak gores you but does no damage.
You completely miss the yak.
The yak is heavily wounded.
The yak gores you.
You hit the yak but do no damage.
The yak looks as sick as possible!
Your bite misses the yak.
The yak is heavily wounded.
The yak gores you!
* * * LOW HITPOINT WARNING * * *
The yak gores you!
* * * LOW HITPOINT WARNING * * *
You hit the yak.
The yak looks as sick as possible!
You punch the yak, but do no damage.
The yak is severely wounded.
The yak gores you!
You die...

..#########......#..#....#.≈##
############........###..##≈.#
.#........##.....#..###...#≈.#
...#.....#.#.....#...#.>...≈.#
..#.#...#..#)<......##..#..≈.#
...#...#...#..)).#####>.##.≈.#
##...##...##.[)).####.†....≈.#
#######...##....)#.....###.≈.#
##..#...#....@Y....###..≈##
#....#..#.....###.....##≈# ###
#.....#.#......###....#.≈###..
####......##......#.#....##≈≈≈≈≈≈
#.........##............###......
#..................###...#.....##
+....................##......#.#.
#...........................##...
##.....##..................####.#


You could see a yak (extremely poisoned).

Vanquished Creatures
  Pikel (D:7)
  Joseph (D:7)
  4 yaks (D:7)
  A steam dragon (D:7)
  Menkaure (D:7)
  2 sky beasts
  2 water moccasins
  An ice beast (D:6)
  A black bear (D:5)
  An orc warrior (D:8)
  A phantom (D:6)
  2 kobold brigands
  3 bullfrogs
  3 gnoll sergeants
  A necrophage (D:5)
  2 scorpions
  4 wights (D:6)
  2 howler monkeys (D:7)
  4 hounds
  3 jellies
  2 orc priests
  3 iguanas
  Jessica (D:3)
  3 orc wizards
  Terence (D:3)
  24 gnolls
  9 adders
  A shadow imp (D:6)
  2 white imps
  A worm (D:2)
  3 dart slugs
  21 orcs
  6 endoplasms
  3 giant cockroaches
  13 goblins
  9 hobgoblins
  15 jackals
  14 kobolds
  5 quokkas
  8 ball pythons
  15 bats
  3 frilled lizards (D:1)
  10 rats
212 creatures vanquished.

Vanquished Creatures (others)
  A phantom (D:7)
  A gnoll (D:7)
  88 foxfires
  A fungus (D:5)
  10 plants
101 creatures vanquished.

Grand Total: 313 creatures vanquished

Notes
Turn   | Place    | Note
-------+----------+-------------------------------------------
     0 | D:1      | epen the Gnoll Cinder Acolyte began the quest for the Orb.
     0 | D:1      | Reached XP level 1. HP: 23/23 MP: 4/4
   102 | D:1      | Found Duyll's Assorted Antiques.
   280 | D:1      | Found a faded altar of an unknown god.
   296 | D:1      | Reached XP level 2. HP: 22/29 MP: 5/5
   568 | D:1      | Learned a level 2 spell: Scorch
   637 | D:1      | Reached XP level 3. HP: 28/35 MP: 1/7
  1300 | D:1      | Reached skill level 1 in Invocations
  1487 | D:2      | Reached skill level 1 in Short Blades
  1487 | D:2      | Reached skill level 1 in Axes
  1487 | D:2      | Reached skill level 1 in Maces & Flails
  1487 | D:2      | Reached skill level 1 in Polearms
  1487 | D:2      | Reached skill level 1 in Staves
  1487 | D:2      | Reached skill level 1 in Slings
  1487 | D:2      | Reached skill level 1 in Bows
  1487 | D:2      | Reached skill level 1 in Crossbows
  1487 | D:2      | Reached skill level 1 in Throwing
  1487 | D:2      | Reached skill level 1 in Armour
  1487 | D:2      | Reached skill level 1 in Dodging
  1487 | D:2      | Reached skill level 1 in Stealth
  1487 | D:2      | Reached skill level 1 in Shields
  1487 | D:2      | Reached skill level 1 in Unarmed Combat
  1487 | D:2      | Reached skill level 1 in Evocations
  1725 | D:2      | Reached XP level 4. HP: 30/41 MP: 2/8
  2014 | D:2      | Found the +8 trident of the Octopus King {venom, rElec
                  | rPois}
  2164 | D:2      | Reached skill level 1 in Conjurations
  2164 | D:2      | Reached skill level 1 in Hexes
  2164 | D:2      | Reached skill level 1 in Summonings
  2164 | D:2      | Reached skill level 1 in Necromancy
  2164 | D:2      | Reached skill level 1 in Translocations
  2164 | D:2      | Reached skill level 1 in Transmutations
  2164 | D:2      | Reached skill level 1 in Ice Magic
  2164 | D:2      | Reached skill level 1 in Air Magic
  2164 | D:2      | Reached skill level 1 in Earth Magic
  2164 | D:2      | Reached skill level 1 in Poison Magic
  2534 | D:2      | Reached XP level 5. HP: 47/47 MP: 9/9
  2920 | D:3      | Noticed Terence
  2932 | D:3      | Killed Terence
  3112 | D:3      | Found a sacrificial altar of Ru.
  3190 | D:3      | Noticed Jessica
  3195 | D:3      | Killed Jessica
  3492 | D:3      | Identified the +12 mace "Jeosogra" {vorpal, *Corrode Int+5
                  | Dex+2}
  3608 | D:4      | Reached XP level 6. HP: 53/53 MP: 9/11
  4533 | D:5      | Entered Level 5 of the Dungeon
  4631 | D:5      | Noticed a black bear
  4645 | D:5      | Noticed Edmund
  4664 | D:5      | Reached XP level 7. HP: 44/59 MP: 4/12
  5282 | D:5      | Found a large runed translucent door.
  5282 | D:5      | Found a large runed translucent door.
  5285 | D:5      | Found a shimmering altar of Xom.
  5479 | D:5      | Found an iron altar of Okawaru.
  5693 | D:5      | Found a broken altar of Ashenzari.
  5697 | D:5      | Saw a vision of the Swamp and the Spider Nest.
  5697 | D:5      | Noticed a vampire mosquito
  5697 | D:5      | Noticed a vampire mosquito
  5697 | D:5      | Noticed a vampire mosquito
  5697 | D:5      | Noticed a vampire mosquito
  5697 | D:5      | Noticed a wolf spider
  5697 | D:5      | Noticed a wolf spider
  5697 | D:5      | Noticed a wolf spider
  5697 | D:5      | Noticed a hornet
  5785 | D:5      | Found Bacisahi's Magic Scroll Boutique.
  5788 | D:5      | Bought a scroll of fear for 38 gold pieces
  5788 | D:5      | Bought a scroll of magic mapping for 38 gold pieces
  5946 | D:5      | Identified a scroll of acquirement
  5946 | D:5      | Acquired 440 gold pieces
  5973 | D:6      | Reached XP level 8. HP: 60/67 MP: 14/14
  6162 | D:6      | Found a staircase to the Ecumenical Temple.
  6690 | D:6      | Found a bloodstained altar of Trog.
  6871 | D:7      | Found a flagged portal.
  6908 | D:7      | Reached XP level 9. HP: 13/72 MP: 16/16
  6910 | D:7      | HP: 3/72 [kobold brigand/+0 vampiric whip (5)]
  7037 | D:7      | Found Jochao Pieg's Jewellery Emporium.
  7052 | D:7      | Noticed Joseph
  7061 | D:7      | Killed Joseph
  7062 | D:7      | Reached skill level 5 in Spellcasting
  7218 | D:7      | Found Miklavie's Serpentskin Sales.
  7587 | D:7      | Noticed Pikel
  7596 | D:7      | Killed Pikel
  7597 | D:7      | Reached skill level 5 in Invocations
  7705 | D:7      | Noticed Menkaure
  7711 | D:7      | Killed Menkaure
  8108 | D:7      | Found a glowing silver altar of Zin.
  8308 | D:8      | Reached XP level 10. HP: 24/80 MP: 11/18
  8972 | D:8      | Found a blossoming altar of Fedhas.
  8972 | D:8      | Found a stormy altar of Qazlal.
  9246 | D:8      | Reached skill level 5 in Short Blades
  9246 | D:8      | Reached skill level 5 in Axes
  9246 | D:8      | Reached skill level 5 in Maces & Flails
  9246 | D:8      | Reached skill level 5 in Polearms
  9246 | D:8      | Reached skill level 5 in Staves
  9246 | D:8      | Reached skill level 5 in Slings
  9246 | D:8      | Reached skill level 5 in Bows
  9246 | D:8      | Reached skill level 5 in Crossbows
  9246 | D:8      | Reached skill level 5 in Throwing
  9246 | D:8      | Reached skill level 5 in Armour
  9246 | D:8      | Reached skill level 5 in Dodging
  9246 | D:8      | Reached skill level 5 in Stealth
  9246 | D:8      | Reached skill level 5 in Shields
  9246 | D:8      | Reached skill level 5 in Unarmed Combat
  9246 | D:8      | Reached skill level 5 in Evocations
  9592 | D:7      | Slain by a yak

Illustrated notes

Levels and vault maps discovered:
D:1:      psy_arrival_dodecagon, layout_loops_cross,
          hellmonk_ecumenical_altar_arch_garden, serial_shops,
          nicolae_shop_stone, minmay_quantized
D:2:      layout_loops_ring, serial_bayou_ford_a
D:3:      minmay_general_purpose_star, layout_basic, mainiacjoe_overflow_paths,
          uniq_jessica, uniq_terence
D:4:      layout_basic, corner_web_ring
D:5:      due_chaos_kobolds, layout_basic, okawaru_trees_1,
          grunt_ashenzari_visionary [grunt_ashenzari_visionary_swamp,
          grunt_ashenzari_visionary_spider], serial_shops, kennysheep_mini_moat,
          minmay_liquid_box, uniq_edmund
D:6:      layout_loops_cross, trog_hazing_becter,
          minmay_temple_entry_statues_fountains
D:7:      layout_cave_pools, mainiacjoe_overflow_small_starburst, serial_shops,
          shop, lightli_bailey_entry_fortress, hangedman_decor_slide_cut,
          minmay_curled_crystal, guppyfry_shop_venom, uniq_pikel, uniq_joseph,
          uniq_menkaure
D:8:      layout_layer_cave, grunt_temple_overflow_forces_of_nature

Skill      XL: |  1  2  3  4  5  6  7  8  9 10 |
---------------+-------------------------------+-----
Invocations    | 1 2 3 4 5 |  5.6
Short Blades   | 1 2 3 4 5 |  5.1
Axes           | 1 2 3 4 5 |  5.1
Maces & Flails | 1 2 3 4 5 |  5.1
Polearms       | 1 2 3 4 5 |  5.1
Staves         | 1 2 3 4 5 |  5.1
Slings         | 1 2 3 4 5 |  5.1
Bows           | 1 2 3 4 5 |  5.1
Crossbows      | 1 2 3 4 5 |  5.1
Throwing       | 1 2 3 4 5 |  5.1
Armour         | 1 2 3 4 5 |  5.1
Dodging        | 1 2 3 4 5 |  5.1
Stealth        | 1 2 3 4 5 |  5.1
Shields        | 1 2 3 4 5 |  5.1
Unarmed Combat | 1 2 3 4 5 |  5.1
Evocations     | 1 2 3 4 5 |  5.1
Spellcasting   | 3 4 5 |  5.9
Conjurations   | 1 2 3 4 |  4.2
Hexes          | 1 2 3 4 |  4.2
Summonings     | 1 2 3 4 |  4.2
Necromancy     | 1 2 3 4 |  4.2
Translocations | 1 2 3 4 |  4.2
Transmutations | 1 2 3 4 |  4.2
Ice Magic      | 1 2 3 4 |  4.2
Air Magic      | 1 2 3 4 |  4.2
Earth Magic    | 1 2 3 4 |  4.2
Poison Magic   | 1 2 3 4 |  4.2
Fighting       | 7 8 |  8.4
Long Blades    | 7 8 |  8.4
Fire Magic     | 6 7 |  7.0

Action                   |  1- 3 |  4- 6 |  7- 9 | 10-12 || total
-------------------------+-------+-------+-------+-------++-------
Melee: Falchion          |   133 |    26 |       |       ||   159
       Bite              |     7 |     6 |     7 |     9 ||    29
       Trident           |       |   119 |   172 |    82 ||   373
       Punch             |       |     4 |     5 |     4 ||    13
 Cast: Scorch            |    12 |     7 |     7 |     2 ||    28
Invok: Fiery Armour      |       |       |     5 |       ||     5
       Foxfire Swarm     |       |       |     5 |       ||     5
  Use: Scroll            |       |     4 |    12 |     4 ||    20
       Potion            |       |     1 |       |       ||     1
 Stab: Sleeping          |     2 |     9 |     2 |       ||    13
Armor: Robe              |    45 |    32 |    21 |       ||    98
       Ring mail         |       |       |    15 |    26 ||    41
Dodge: Dodged            |   124 |    64 |    83 |    37 ||   308
Block: Other             |       |     8 |    24 |    17 ||    49
       Reflection        |       |       |     1 |       ||     1

Table legend: (Time is in decaauts)
 A = Elapsed time spent in this place.
 B = Non-inter-level travel time spent in this place.
 C = Inter-level travel time spent in this place.
 D = Time resting spent in this place.
 E = Time spent auto-exploring this place.
 F = Levels seen in this place.
 G = Mean time per level.
                   A        B        C        D        E       F      G
               +--------+--------+--------+--------+--------+-----+--------+
         Total |   9656 |   9500 |    156 |   1738 |   6382 |   8 | 1207.0 |
       Dungeon |   9656 |   9500 |    156 |   1738 |   6382 |   8 | 1207.0 |
               +--------+--------+--------+--------+--------+-----+--------+

Top non-repeatable levels by time:
     D:7: 1531 daAuts
     D:4: 1472 daAuts
     D:1: 1430 daAuts
     D:2: 1266 daAuts
     D:8: 1104 daAuts
     D:6: 1036 daAuts
     D:5: 1002 daAuts
     D:3: 812 daAuts
